 Dungeon Crawl Stone Soup version 0.29-a0-340-g6efceafd81 (webtiles) character file.

Game seed: 12009829058733696444

41 domi the Vexing (level 3, 0/36 HPs)
             Began as a Vampire Enchanter on Apr 19, 2022.
             Succumbed to a goblin's poison
             ... on level 2 of the Dungeon.
             The game lasted 00:03:14 (1349 turns).

domi the Vexing (Vampire Enchanter)                 Turns: 1349, Time: 00:03:15

Health: 0/36       AC: 21    Str:  7    XL:     3   Next: 32%
Magic:  2/6        EV:  2    Int: 19    God:
Gold:   110        SH:  0    Dex: 14    Spells: 1/6 levels left

rFire   . . .      SeeInvis +   f - +1 short sword (vamp)
rCold   . . .      Faith    .   (no shield)
rNeg    . . .      Spirit   .   (body armour currently unavailable)
rPois   +          Reflect  .   (helmet currently unavailable)
rElec   .          Harm     .   (cloak currently unavailable)
rCorr   .          Rampage  .   (gloves currently unavailable)
Will    .....      Rage     1%  (boots currently unavailable)
Stlth   +++....... NoTele   +   (no amulet)
HPRegen 0.32/turn               (no ring)
MPRegen 0.10/turn               (no ring)

@: brilliant, lethally poisoned (0 -> -3), tree-form, healing quickly
A: stationary, stasis, torment immunity, boosted hp, alive, (fangs 3), see
invisible, vampiric 2, berserk 1
a: Exsanguinate


You were on level 2 of the Dungeon.
You were a tree.
You visited 1 branch of the dungeon, and saw 2 of its levels.

You collected 110 gold pieces.

Inventory:

Hand Weapons
 a - a +1 dagger
 f - a +1 vampiric short sword (weapon)
   (You took it off a kobold on level 1 of the Dungeon)
Armour
 b - a +0 robe (melded)
Jewellery
 l - a +6 ring of intelligence
   (You found it on level 1 of the Dungeon)
Scrolls
 d - 3 scrolls of identify {unknown}
 g - a scroll of fog {unknown}
 h - a scroll of magic mapping {unknown}
 i - a scroll of blinking {unknown}
Potions
 c - 3 potions of invisibility


   Skills:
 - Level 1.1 Short Blades
 - Level 2.1 Dodging
 - Level 4.4 Stealth
 - Level 2.0 Spellcasting
 * Level 6.1 Hexes
 + Level 1.1 Ice Magic


You had one spell level left.
You knew the following spells:

 Your Spells              Type           Power      Damage    Failure   Level
z - Ensorcelled Hibernat  Hex/Ice        46%        N/A       6%          2
Z - Confusing Touch       Hex            38%        N/A       4%          3

Your spell library contained the following spells:

 Spells                   Type           Power      Damage    Failure   Level
 Sandblast                Erth           4%         2d4       17%         1
 Tukima's Dance           Hex            38%        N/A       4%          3
 Dazzling Flash           Conj/Hex       40%        N/A       14%         3
 Gell's Gravitas          Tloc           2%         N/A       45%         3
 Teleport Other           Tloc           2%         N/A       45%         3
 Dispersal                Tloc           1%         N/A       100%        6


Dungeon Overview and Level Annotations

Branches:
Dungeon (2/15)

Altars:


Innate Abilities, Weirdness & Mutations

You are a tree.
Your roots penetrate the ground, keeping you stationary.
You cannot be teleported.
You are immune to unholy pain and torment.
Your maximum health is greatly increased.
Your equipment is partially melded.
Your natural rate of healing is accelerated.
((You have razor-sharp teeth.))
You have supernaturally acute eyesight. (SInv)
You are afflicted with vampirism and can become a bat while bloodless.
You tend to lose your temper in combat.


Message History

No target in view!
No target in view!
No target in view!
You now have 83 gold pieces (gained 16).
You now have 99 gold pieces (gained 16).
Found a stone staircase leading up.
Found a stone staircase leading up.
A rat comes into view.
A rat is nearby!
A rat is nearby!
An endoplasm and a rat come into view.
You barely miss the rat. The rat closely misses you.
You closely miss the rat. The rat bites you but does no damage.
You barely miss the rat. The rat misses you.
You hit the rat but do no damage. Your bite misses the rat.
The rat closely misses you. The rat barely misses you.
You hit the rat.
You kill the rat!
The rat closely misses you.
You hit the rat.
You kill the rat!
The helpless endoplasm fails to defend itself.
You puncture the endoplasm!
You kill the endoplasm!
No target in view!
No target in view!
d - 3 scrolls labelled KANNIB XARREO (gained 1)
You now have 104 gold pieces (gained 5).
You see here a rat corpse.
There is a stone staircase leading up here.
You now have 110 gold pieces (gained 6).
A rat and a hobgoblin come into view.
There are monsters nearby!
There are monsters nearby!
There are monsters nearby!
There are monsters nearby!
There are monsters nearby!
A goblin comes into view. It is wielding a +2 dagger of venom.
The helpless rat fails to defend itself.
You puncture the rat!
You kill the rat!
The hobgoblin shouts!
The goblin shouts!
The goblin misses you.
You barely miss the hobgoblin. The goblin closely misses you.
The hobgoblin hits you.
You take 3 damage, and have 21/24 hp.
You hit the hobgoblin.
You feel better.
Your punch misses the hobgoblin.
The goblin hits you with a +2 dagger of venom.
You are poisoned.
The hobgoblin closely misses you.
You take 2 damage, and have 19/24 hp.
You barely miss the goblin. Your bite misses the goblin.
You feel very sick. The hobgoblin hits you.
The goblin hits you with a +2 dagger of venom.
You are lethally poisoned!
You take 6 damage, and have 13/24 hp.
MASSIVE DAMAGE!!
Aim: a goblin, wielding a +2 dagger of venom (chance to affect: 66%)
The goblin looks drowsy...
You feel very sick. The hobgoblin closely misses you.
You take 5 damage, and have 8/24 hp.
MASSIVE DAMAGE!!
You now have 4/6 mp.
The helpless goblin fails to defend itself.
You puncture the goblin!
You feel better.
You kill the goblin!
You feel very sick. The hobgoblin barely misses you.
Aim: a hobgoblin (heavily wounded, chance to affect: 66%)
The hobgoblin looks drowsy...
* * * LOW HITPOINT WARNING * * *
You feel very sick.
You take 2 damage, and have 6/24 hp.
You now have 2/6 mp.
The helpless hobgoblin fails to defend itself.
You puncture the hobgoblin!
You feel better.
You kill the hobgoblin!
* * * LOW HITPOINT WARNING * * *
You feel very sick.
You take 2 damage, and have 4/24 hp.
It was a potion of mutation.
You feel extremely strange.
You feel a little pissed off.
* * * LOW HITPOINT WARNING * * *
You feel sick.
You take 2 damage, and have 2/24 hp.
It was a potion of brilliance.
You feel clever all of a sudden.
* * * LOW HITPOINT WARNING * * *
You feel sick.
You take 1 damage, and have 1/24 hp.
It was a potion of lignification.
You turn into a tree.
Your +0 robe melds into your body.
Your roots penetrate the ground.
* * * LOW HITPOINT WARNING * * *
You feel sick.
You now have 2/36 hp.
* * * LOW HITPOINT WARNING * * *
You feel sick.
You take 1 damage, and have 1/36 hp.
You die...

##.... .....## # #
## ## ..... .##.#
#. ....... .... #.
#.#.#.# ...
#.####.#.#.##.#
###........#..†.#
....# #.....♣#
#..# #.#.##.).#
#..# #.#.####.#
#..###.#.# ... ..
#........###......
#.#
##.###.........###
##.#
##.###.#####.###
...###...##.#
.......#....#


There were no monsters in sight!

Vanquished Creatures
  2 endoplasms
  2 giant cockroaches (D:1)
  6 goblins
  7 hobgoblins
  4 kobolds (D:1)
  3 quokkas (D:1)
  2 ball pythons (D:1)
  A bat (D:2)
  A frilled lizard (D:1)
  10 rats
38 creatures vanquished.

Notes
Turn   | Place    | Note
-------+----------+-------------------------------------------
     0 | D:1      | domi the Vampire Enchanter began the quest for the Orb.
     0 | D:1      | Reached XP level 1. HP: 13/13 MP: 3/3
   150 | D:1      | Reached skill level 5 in Hexes
   218 | D:1      | Reached XP level 2. HP: 19/19 MP: 5/5
   221 | D:1      | Learned a level 2 spell: Ensorcelled Hibernation
   392 | D:1      | Found a faded altar of an unknown god.
   400 | D:1      | Got Plato's Compendium of Earth
   710 | D:1      | Gained mutation: You are afflicted with vampirism and can
                  | become a bat while bloodless. [Vampire growth]
   710 | D:1      | Reached XP level 3. HP: 24/24 MP: 6/6
   714 | D:1      | Learned a level 3 spell: Confusing Touch
   803 | D:1      | Reached skill level 6 in Hexes
  1161 | D:1      | Reached skill level 1 in Ice Magic
  1343 | D:2      | HP: 6/24 [poisoned by a goblin]
  1345 | D:2      | Gained mutation: You tend to lose your temper in combat.
                  | [potion of mutation]
  1345 | D:2      | HP: 2/24 [poisoned by a goblin]
  1349 | D:2      | Succumbed to a goblin's poison

Illustrated notes

Levels and vault maps discovered:
D:1:      heliophobic_arrival_glass_houses, layout_loops_ring,
          shapermc_ecumenical_altar_rom_forum, serial_bayou_pond_b
D:2:      wander_river, layout_loops_ring, basic_altar, uniq_terence

Skill      XL: |  1  2  3 |
---------------+----------+-----
Hexes          | 5 6 |  6.1
Ice Magic      | 1 |  1.1
Short Blades   | |  1.1
Dodging        | |  2.1
Stealth        | |  4.4
Spellcasting   | |  2.0

Action                   || total
-------------------------++-------
Melee: Dagger            ||    29
       Bite              ||     9
       Short sword       ||    78
       Punch             ||     1
 Cast: Ensorcelled Hiber ||     2
  Use: Potion            ||     3
 Stab: Sleeping          ||    10
Armor: Robe              ||    16
Dodge: Dodged            ||    68

Table legend: (Time is in decaauts)
 A = Elapsed time spent in this place.
 B = Non-inter-level travel time spent in this place.
 C = Inter-level travel time spent in this place.
 D = Time resting spent in this place.
 E = Time spent auto-exploring this place.
 F = Levels seen in this place.
 G = Mean time per level.
                   A        B        C        D        E       F      G
               +--------+--------+--------+--------+--------+-----+--------+
         Total |   1354 |   1301 |     53 |     26 |    991 |   2 |  677.0 |
       Dungeon |   1354 |   1301 |     53 |     26 |    991 |   2 |  677.0 |
               +--------+--------+--------+--------+--------+-----+--------+

Top non-repeatable levels by time:
     D:1: 1177 daAuts
     D:2: 177 daAuts

Table legend:
 A = Kills in this place as a percentage of kills in entire the game.
 B = Kills by you in this place as a percentage of kills by you in the entire game.
 C = Kills by friends in this place as a percentage of kills by friends in the entire game.
 D = Other kills in this place as a percentage of other kills in the entire game.
 E = Experience gained in this place as a percentage of experience gained in the entire game.
 F = Experience gained in this place divided by the number of levels of this place that you have seen.
                   A       B       C       D       E      F
               +-------+-------+-------+-------+-------+----------------------
         Total | 100.0 | 100.0 |   N/A |   N/A | 100.0 |  29.5
       Dungeon | 100.0 | 100.0 |   N/A |   N/A | 100.0 |  29.5
               +-------+-------+-------+-------+-------+----------------------
